 Dungeon Crawl Stone Soup version 0.27.1-33-g824d729ab1 (webtiles) character file.

Game seed: 14527316762626812248

167 sking99 the Skirmisher (level 5, -5/57 HPs)
             Began as an Ogre Abyssal Knight on Dec 8, 2021.
             Was a Believer of Lugonu.
             Slain by an iguana (10 damage)
             ... on level 4 of the Dungeon.
             The game lasted 00:05:22 (3907 turns).

sking99 the Skirmisher (Ogre Abyssal Knight)        Turns: 3907, Time: 00:05:23

Health: -5/57      AC:  5    Str: 23    XL:     5   Next: 48%
Magic:  7/7        EV:  9    Int: 13    God:    Lugonu [**....]
Gold:   109        SH:  0    Dex:  8    Spells: 4/4 levels left

rFire    + . .     SeeInvis .   a - +2 mace
rCold    . . .     Faith    .   (no shield)
rNeg     . . .     Spirit   .   n - +1 robe {rF+}
rPois    .         Reflect  .   (helmet restricted)
rElec    .         Harm     .   m - +0 cloak
rCorr    .         Rampage  .   (gloves unavailable)
Will     .....                  (boots unavailable)
Stlth    +.........             (no amulet)
HPRegen  0.19/turn              k - +6 ring of strength
MPRegen  0.10/turn              (no ring)

@: no status effects
A: large, unfitting armour, tough skin 1
a: Renounce Religion, Depart the Abyss, Bend Space


You were on level 4 of the Dungeon.
You worshipped Lugonu.
Lugonu was pleased with you.
You visited 1 branch of the dungeon, and saw 4 of its levels.
You visited the Abyss 1 time.

You collected 109 gold pieces.

Inventory:

Hand Weapons
 a - a +2 mace (weapon)
Armour
 m - a +0 cloak (worn)
 n - a +1 robe of fire resistance (worn)
Jewellery
 b - a ring of wizardry
 k - a +6 ring of strength (left hand)
Scrolls
 j - 3 scrolls of identify {unknown}
 o - a scroll of immolation {unknown}
Potions
 c - 2 potions of cancellation {unknown}
 d - a potion of haste {unknown}
 e - a potion of magic {unknown}
 f - a potion of brilliance {unknown}
 g - a potion of ambrosia {unknown}
 h - a potion of curing {unknown}
 i - a potion of might {unknown}
 l - a potion of berserk rage {unknown}


   Skills:
 + Level 5.2 Fighting
 * Level 3.7 Maces & Flails
 - Level 2.1 Dodging
 + Level 3.3 Invocations


You had 4 spell levels left.
You didn't know any spells.
Your spell library contained the following spells:

 Spells                   Type           Power      Damage    Failure   Level
 Corona                   Hex            0%         N/A       30%         1
 Ensorcelled Hibernation  Hex/Ice        0%         N/A       43%         2
 Passwall                 Tmut/Erth      0%         N/A       43%         2
 Swiftness                Air            0%         N/A       67%         3
 Tukima's Dance           Hex            0%         N/A       67%         3
 Invisibility             Hex            0%         N/A       100%        6


Dungeon Overview and Level Annotations

Branches:
Dungeon (4/15)
 Temple: D:4-7

Altars:

Shops:
D:1 (


Innate Abilities, Weirdness & Mutations

You are too large for most types of armour.
You have tough skin. (AC +1)


Message History

Found a stone staircase leading down.
There is a stone staircase leading down here.
An iguana comes into view.
An iguana is nearby!
The iguana barely misses you.
You hit the iguana but do no damage. The iguana bites you!
You hit the iguana but do no damage. The iguana bites you!
You hit the iguana but do no damage. The iguana barely misses you.
The iguana bites you.
You sock the iguana!
The iguana is heavily wounded.
The iguana bites you.
You hit the iguana.
The iguana is severely wounded.
The iguana bites you!
An iguana is nearby!
You are too injured to fight recklessly!
You are too injured to fight recklessly!
You are too injured to fight recklessly!
You are too injured to fight recklessly!
You are too injured to fight recklessly!
You hit the iguana but do no damage.
The iguana is severely wounded.
The iguana bites you but does no damage.
You hit the iguana but do no damage.
The iguana is severely wounded.
The iguana barely misses you.
You hit the iguana.
The iguana is almost dead.
The iguana bites you but does no damage.
The iguana bites you!
* * * LOW HITPOINT WARNING * * *
You barely miss the iguana.
The iguana is almost dead.
The iguana bites you.
* * * LOW HITPOINT WARNING * * *
You barely miss the iguana.
The iguana is almost dead.
The iguana bites you!
You die...

##.........
#......... .
##........ ..
###.##......
#..##
##..####.....
#...# ##..##
###### #...#
###..##
#...##..###
#l@..##
##..## #..#
#.## ..# ...#
###.# #..


You could see an iguana.

Vanquished Creatures
  Terence (D:3)
  A howler monkey skeleton (D:3)
  6 adders (D:2)
  A worm (D:2)
  3 dart slugs
  9 bats
  7 endoplasms
  7 giant cockroaches
  9 goblins
  7 hobgoblins
  3 quokkas
  A ball python (D:1)
  5 frilled lizards
  5 kobolds
  4 rats
69 creatures vanquished.

Notes
Turn   | Place    | Note
-------+----------+-------------------------------------------
     0 | Abyss:1  | sking99 the Ogre Abyssal Knight began the quest for the
                  | Orb.
     0 | Abyss:1  | Reached XP level 1. HP: 24/24 MP: 2/2
    10 | D:1      | Escaped the Abyss
   388 | D:1      | Reached XP level 2. HP: 32/32 MP: 3/3
   822 | D:1      | Found Viosch's Weapon Shop.
   862 | D:1      | Reached ** piety under Lugonu
   965 | D:1      | Reached XP level 3. HP: 34/40 MP: 4/4
  1573 | D:2      | Found a faded altar of an unknown god.
  1621 | D:2      | Reached XP level 4. HP: 46/49 MP: 6/6
  2393 | D:2      | Reached skill level 5 in Fighting
  2666 | D:2      | Reached XP level 5. HP: 57/57 MP: 7/7
  2976 | D:3      | Noticed Terence
  2980 | D:3      | Killed Terence
  3907 | D:4      | Slain by an iguana

Illustrated notes

Levels and vault maps discovered:
D:1:      amcnicky_arrival_gap_in_the_tavern_cellar, layout_basic, serial_shops,
          shop_statue, minmay_worlds_worst_comb
D:2:      minmay_inner_zag, layout_loops_ring,
          hellmonk_ecumenical_altar_prayer_group, minmay_misc_feat_chi
D:3:      layout_basic, lemuel_old_faithful, uniq_terence
D:4:      layout_cave_pods, hangedman_abyss_or_decor_lesser_grid,
          chequers_decorated_corner, kennysheep_generic_room_16

Skill      XL: |  1  2  3  4 |
---------------+-------------+-----
Maces & Flails | 2 3 |  3.7
Invocations    | 3 |  3.3
Fighting       | 5 |  5.2
Dodging        | |  2.1

Action                   |  1- 3 |  4- 6 || total
-------------------------+-------+-------++-------
Melee: Mace              |   129 |   116 ||   245
  Use: Scroll            |     1 |       ||     1
 Stab: Sleeping          |       |     1 ||     1
Armor: Robe              |    67 |    45 ||   112
Dodge: Dodged            |    81 |    55 ||   136
